 Dungeon Crawl Stone Soup version 0.27-a0-1036-g8e1b44f6bd (webtiles) character file.

Game seed: 3449114595814361398

56 p0werm0de the Skirmisher (level 3, 0/24 HPs)
             Began as a Gargoyle Fighter on Apr 18, 2021.
             Slain by an ogre
             ... wielding a +0 giant club
              (10 damage)
             ... on level 4 of the Dungeon.
             The game lasted 00:00:29 (1142 turns).

p0werm0de the Skirmisher (Gargoyle Fighter)         Turns: 1142, Time: 00:00:30

Health: 0/24       AC: 16    Str: 19    XL:     3   Next: 95%
Magic:  3/3        EV:  3    Int:  8    God:
Gold:   62         SH:  9    Dex: 10    Spells: 2/2 levels left

rFire    . . .     SeeInvis .   a - +0 war axe
rCold    . . .     Faith    .   c - +0 kite shield
rNeg     + . .     Spirit   .   n - +0 plate armour
rPois    ∞         Reflect  .   (no helmet)
rElec    +         Harm     .   (no cloak)
rCorr    .         Rampage  .   (no gloves)
Will     +....                  m - +0 pair of boots
Stlth    ..........             (no amulet)
HPRegen  0.08/turn              o - ring of willpower
MPRegen  0.08/turn              (no ring)

@: no status effects
A: AC +3, negative energy resistance 1, electricity resistance, torment
resistance 1, unbreathing 1, petrification resistance
a: no special abilities


You were on level 4 of the Dungeon.
You visited 1 branch of the dungeon, and saw 4 of its levels.

You collected 62 gold pieces.

Inventory:

Hand Weapons
 a - a +0 war axe (weapon)
Armour
 c - a +0 kite shield (worn)
 m - a +0 pair of boots (worn)
   (You found it on level 3 of the Dungeon)
 n - a +0 plate armour (worn)
   (You found it on level 3 of the Dungeon)
Jewellery
 o - a ring of willpower (left hand)
   (You found it on level 3 of the Dungeon)
Scrolls
 e - a scroll of magic mapping {unknown}
 f - a scroll of noise {unknown}
 g - 3 scrolls of identify {unknown}
 h - 2 scrolls of teleportation {unknown}
Potions
 d - 2 potions of might
 i - a potion of degeneration {unknown}
 j - a potion of mutation {unknown}
 k - a potion of attraction {unknown}
 l - a potion of curing {unknown}


   Skills:
 * Level 4.0 Fighting
 * Level 2.5 Axes
 + Level 3.6 Armour
 + Level 3.6 Shields


You had 2 spell levels left.
You didn't know any spells.
Your spell library was empty.

Dungeon Overview and Level Annotations

Branches:
Dungeon (4/15)
 Temple: D:4-7

Altars:


Innate Abilities, Weirdness & Mutations

Your stone body is resilient. (AC +3)
You are immune to poison.
You resist negative energy. (rN+)
You are resistant to electric shocks. (rElec)
You are resistant to unholy torment.
You can survive without breathing.
You are immune to petrification.


Message History

You barely miss the gnoll. You hit the gnoll.
The gnoll hits you but does no damage.
The gnoll throws a throwing net.
You block the throwing net. The gnoll barely misses you.
The gnoll hits you but does no damage. x2; You block the gnoll's attack.
The gnoll hits you but does no damage.
You slash the gnoll!
You kill the gnoll!
You barely miss the gnoll. You block the gnoll's attack. x2
You slash the gnoll!
You kill the gnoll!
You slash the gnoll! You block the gnoll's attack.
The gnoll hits you with a +0 club. The gnoll hits you but does no damage.
Your Fighting skill increases to level 4!
You hit the gnoll.
The gnoll is severely wounded.
The gnoll hits you but does no damage. You block the gnoll's attack.
The gnoll hits you but does no damage. x2
You closely miss the gnoll.
The gnoll is severely wounded.
The gnoll hits you with a +0 club. The gnoll hits you but does no damage.
You block the gnoll's attack.
There is a stone staircase leading down here.
You block the gnoll's attack.
You climb downwards.
An ogre comes into view. It is wielding a +0 giant club.
The ogre shouts!
There is a stone staircase leading up here.
Your shield and plate armour prevent you from hitting the gnoll.
The gnoll is severely wounded.
You block the gnoll's attack. The gnoll hits you but does no damage.
You barely miss the gnoll.
The gnoll is severely wounded.
Your plate armour prevents you from hitting the ogre.
You block the ogre's attack.
The gnoll hits you but does no damage. x2
You block the ogre's attack.
You hit the gnoll but do no damage.
The gnoll is severely wounded.
You hit the ogre. The gnoll hits you but does no damage.
The ogre hits you with a +0 giant club!
You die...

#######
#.....#
#.O@g.#
+.....#
#.....#
#.....#
#.....#
#######


You could see an ogre and a gnoll.

Vanquished Creatures
  2 gnolls (D:3)
  An adder (D:3)
  A dart slug (D:2)
  A ball python (D:2)
  2 endoplasms
  2 giant cockroaches (D:1)
  2 goblins
  6 hobgoblins
  2 jackals (D:2)
  A bat (D:2)
  2 frilled lizards
  2 rats
24 creatures vanquished.

Notes
Turn   | Place    | Note
-------+----------+-------------------------------------------
     0 | D:1      | p0werm0de the Gargoyle Fighter began the quest for the Orb.
     0 | D:1      | Reached XP level 1. HP: 14/14 MP: 1/1
   305 | D:1      | Found a faded altar of an unknown god.
   310 | D:1      | Reached XP level 2. HP: 19/19 MP: 2/2
   730 | D:2      | Reached XP level 3. HP: 21/24 MP: 3/3
  1134 | D:3      | Reached skill level 4 in Fighting
  1139 | D:4      | Noticed an ogre
  1142 | D:4      | Slain by an ogre

Illustrated notes

Levels and vault maps discovered:
D:1:      roderic_octagonal_star, layout_basic,
          ebering_ecumenical_altar_abandoned
D:2:      layout_rooms, minmay_misc_feat_pillars
D:3:      layout_loops_corners, nicolae_qazlal_general_emergency,
          grunt_decor_arrowhead, minmay_fractal_squares_gapless_5, uniq_grinder
D:4:      layout_gridville, worldfamousw_hep_ancestral_shrine, uniq_ijyb,
          uniq_natasha

Skill      XL: |  1  2  3 |
---------------+----------+-----
Axes           | 2 |  2.5
Fighting       | 4 |  4.0
Armour         | |  3.6
Shields        | |  3.6

Action                   || total
-------------------------++-------
Melee: War axe           ||    58
Armor: Scale mail        ||    27
       Plate armour      ||    17
Dodge: Dodged            ||    17
Block: Kite shield       ||    32

Table legend: (Time is in decaauts)
 A = Elapsed time spent in this place.
 B = Non-inter-level travel time spent in this place.
 C = Inter-level travel time spent in this place.
 D = Time resting spent in this place.
 E = Time spent auto-exploring this place.
 F = Levels seen in this place.
 G = Mean time per level.
                   A        B        C        D        E       F      G
               +--------+--------+--------+--------+--------+-----+--------+
         Total |   1176 |   1133 |     43 |      0 |    939 |   4 |  294.0 |
       Dungeon |   1176 |   1133 |     43 |      0 |    939 |   4 |  294.0 |
               +--------+--------+--------+--------+--------+-----+--------+

Top non-repeatable levels by time:
     D:1: 459 daAuts
     D:3: 412 daAuts
     D:2: 301 daAuts
     D:4: 4 daAuts
